 Dungeon Crawl Stone Soup version 0.26-a0-646-g5d7718319a (webtiles) character file.

Game seed: 2352345639288278590

224 Gottschkopf the Ruffian (level 5, 0/40 HPs)
             Began as a Draconian Transmuter on Sept 24, 2020.
             Slain by Edmund
             ... wielding a +4 flail of protection
              (13 damage)
             ... on level 4 of the Dungeon.
             The game lasted 00:03:43 (2736 turns).

Gottschkopf the Ruffian (Draconian Transmuter)      Turns: 2736, Time: 00:03:44

Health: 0/40       AC:  5    Str: 13    XL:     5   Next: 67%
Magic:  4/8        EV: 12    Int: 14    God:
Gold:   146        SH:  0    Dex: 11    Spells: 2/8 levels left

rFire    . . .     SeeInvis .     - Unarmed
rCold    . . .     Faith    .   (no shield)
rNeg     . . .     Spirit   .   (armour unavailable)
rPois    .         Reflect  .   (helmet currently unavailable)
rElec    .         Harm     .   (no cloak)
rCorr    .         Rampage  .   (no gloves)
MR       .....                  (boots currently unavailable)
Stlth    +.........             d - amulet of the acrobat
HPRegen  0.13/turn              (no ring)
MPRegen  0.11/turn              (no ring)

@: appendages, wereblooded
A: unfitting armour, horns 2, talons 2, cold-blooded, AC +5
a: End Transformation


You were on level 4 of the Dungeon.
You had grown temporary horns.
You had grown temporary talons.
You visited 1 branch of the dungeon, and saw 4 of its levels.

You collected 146 gold pieces.

Inventory:

Hand Weapons
 i - a +0 hunting sling
Missiles
 j - 21 sling bullets (quivered)
Armour
 q - a +0 pair of boots (melded)
Jewellery
 d - an amulet of the acrobat (around neck)
Scrolls
 b - a scroll of enchant armour {unknown}
 c - 3 scrolls of remove curse {unknown}
 e - a scroll of immolation {unknown}
 f - a scroll of random uselessness {unknown}
 g - a scroll of blinking {unknown}
 h - a scroll of enchant weapon {unknown}
 m - a scroll of identify {unknown}
 n - a scroll of amnesia {unknown}
 r - 2 scrolls of teleportation {unknown}
Potions
 a - a potion of stabbing {unknown}
 k - 2 potions of curing {unknown}
 l - 2 potions of flight {unknown}
 o - a potion of invisibility {unknown}
 p - a potion of degeneration {unknown}


   Skills:
 - Level 1.1 Fighting
 - Level 1.7 Dodging
 + Level 4.5 Unarmed Combat
 - Level 2.0 Spellcasting
 - Level 4.3 Transmutations
 - Level 2.0 Poison Magic


You had 2 spell levels left.
You knew the following spells:

 Your Spells              Type           Power        Failure   Level
a - Beastly Appendage     Tmut           ##....       4%          1
b - Spider Form           Tmut/Pois      ##........   19%         3
c - Wereblood             Tmut           ##......     6%          2

Your spell library contained the following spells:

 Spells                   Type           Power        Failure   Level
 Ice Form                 Ice/Tmut       #.......     67%         4
 Blade Hands              Tmut           ##........   73%         5


Dungeon Overview and Level Annotations

Branches:
Dungeon (4/15)
 Temple: D:4-7

Altars:
Ashenzari
Fedhas
Uskayaw
Wu Jian

Annotations:
D:4 Edmund


Innate Abilities, Weirdness & Mutations

Your plain brown scales are hard. (AC +5)
You cannot fit into any form of body armour.
You are cold-blooded and may be slowed by cold attacks.
You have a pair of horns on your head.
You have razor-sharp toenails.


Message History

Casting: Spider Form (quite dangerous; 19% risk of failure)
Confirm with . or Enter, or press ? or * to list all spells.
You miscast Beastly Appendage.
You are very lightly contaminated with residual magic.
Nothing appears to happen.
The quokka bites you.
* * * LOW HITPOINT WARNING * * *
Edmund says, "People think my brother is the best.
I think he's crazy."
Edmund hits you but does no damage. The quokka closely misses you.
Your magical contamination has completely faded away.
Casting: Beastly Appendage (safe; 4% risk of failure)
Confirm with . or Enter, or press ? or * to list all spells.
Your blood is infused with primal strength.
The quokka barely misses you. x2
Casting: Wereblood (safe; 6% risk of failure)
Confirm with . or Enter, or press ? or * to list all spells.
You grow a pair of large bovine horns.
Your feet morph into talons.
Your +0 pair of boots melds into your body.
Edmund hits you with a +4 flail of protection!
You die...

...##...#......# .
........#####+#####+##.
.........#....#........
#.......(.'....#........
#...##....#....'..<.....
#... #...#######........
#.[ ######..............
#...................
#..@r.......####'###
#...@.......#|......
#...........#.......
#...........#......#
#...........#.......
#.....########...#.#
#.....# ...#.#. #.....#
...#.#.#


You could see Edmund (very poisoned) and a quokka.

Vanquished Creatures
  A bullfrog (D:3)
  A howler monkey (D:3)
  A gnoll (D:1)
  4 adders
  2 oozes
  A worm (D:3)
  A dart slug (D:2)
  A leopard gecko (D:1)
  4 giant cockroaches
  7 goblins
  10 hobgoblins
  4 jackals (D:1)
  7 kobolds
  A ball python (D:3)
  6 bats
  4 frilled lizards
  5 rats
60 creatures vanquished.

Notes
Turn   | Place    | Note
-------+----------+-------------------------------------------
     0 | D:1      | Gottschkopf the Draconian Transmuter began the quest for
                  | the Orb.
     0 | D:1      | Reached XP level 1. HP: 16/16 MP: 3/3
   121 | D:1      | Reached XP level 2. HP: 18/23 MP: 3/5
   605 | D:1      | Reached XP level 3. HP: 23/28 MP: 4/6
   613 | D:1      | Learned a level 3 spell: Spider Form
   616 | D:1      | Learned a level 2 spell: Wereblood
   994 | D:2      | Found a blossoming altar of Fedhas.
  1234 | D:2      | Found a hide-covered altar of Uskayaw.
  1235 | D:2      | Found an ornate altar of the Wu Jian Council.
  1271 | D:2      | Reached skill level 1 in Poison Magic
  1274 | D:2      | Reached XP level 4. HP: 35/35 MP: 5/7
  1932 | D:3      | Noticed a bullfrog
  1943 | D:3      | Killed a bullfrog
  1943 | D:3      | Reached XP level 5. HP: 12/40 MP: 6/8
  2611 | D:3      | Found a broken altar of Ashenzari.
  2708 | D:4      | Noticed Edmund
  2736 | D:4      | Slain by Edmund

Illustrated notes

Levels and vault maps discovered:
D:1:      psy_arrival_radial02, layout_basic
D:2:      layout_basic, chequers_temple_overflow_statue_of_worship,
          fedhas_ov_isle_minmay
D:3:      layout_basic, ashenzari_altar_1, minmay_misc_feat_roman,
          minmay_fractal_squares_diagonal_5
D:4:      layout_gridville, minmay_overflow_temple_hex,
          minmay_temple_entry_grid, ebering_ghost_reflecting_pool, serial_glass,
          glass_columns_a, glass_columns_b, glass_columns_a, st_stairs_12,
          uniq_duvessa, uniq_edmund

Skill      XL: |  1  2  3  4 |
---------------+-------------+-----
Unarmed Combat | 4 |  4.5
Poison Magic   | 1 2 |  2.0
Transmutations | 4 |  4.3
Fighting       | |  1.1
Dodging        | |  1.7
Spellcasting   | |  2.0

Action                   |  1- 3 |  4- 6 || total
-------------------------+-------+-------++-------
Melee: Unarmed           |    80 |    80 ||   160
       Headbutt          |     8 |     6 ||    14
       Kick              |    15 |    12 ||    27
       Punch             |     3 |     1 ||     4
       Tailslap          |     5 |     5 ||    10
 Cast: Beastly Appendage |    23 |    16 ||    39
       Spider Form       |       |     1 ||     1
       Wereblood         |       |     1 ||     1
 Stab: Sleeping          |     1 |       ||     1
Armor: Skin              |    30 |     8 ||    38
Dodge: Dodged            |    67 |    63 ||   130

Table legend: (Time is in decaauts)
 A = Elapsed time spent in this place.
 B = Non-inter-level travel time spent in this place.
 C = Inter-level travel time spent in this place.
 D = Time resting spent in this place.
 E = Time spent auto-exploring this place.
 F = Levels seen in this place.
 G = Mean time per level.
                   A        B        C        D        E       F      G
               +--------+--------+--------+--------+--------+-----+--------+
         Total |   2730 |   2687 |     43 |      0 |   2290 |   4 |  682.5 |
       Dungeon |   2730 |   2687 |     43 |      0 |   2290 |   4 |  682.5 |
               +--------+--------+--------+--------+--------+-----+--------+

Top non-repeatable levels by time:
     D:3: 1186 daAuts
     D:1: 936 daAuts
     D:2: 523 daAuts
     D:4: 84 daAuts
